AoeStats
← JoeyDeez

Arabia

510155222Analyzed
1v1 RM · 2d ago on Sep 29, 2026· 54m 4s· 2 players
Game mode
Random Map
Map size
Tiny (2 player)
Population
200
Speed
Normal
Resources
Standard
Victory
Conquest
Starting age
Dark Age
Ending age
Imperial Age
RankedLock teamsTeams togetherTeam positionsShared explorationLock speedFull tech treeHidden civsTurbo modeCheats
Victory
Defeat
🇭🇰 Chinese · Hong Kong SAR China
766
+27
🇬🇧 Bulgarians · United Kingdom
783
-17
Dickus Giganticus
0:28 Loom
9:42 Feudal Age
13:11 Bloodlines
15:34 Double-Bit Axe
16:52 Horse Collar
22:38 Castle Age
22:01 Gold Mining
22:17 Fletching
22:28 Padded Archer Armor
23:37 Heavy Plow
23:51 Bow Saw
24:29 Gold Shaft Mining
24:08 Crossbowman
25:06 Bodkin Arrow
25:26 Thumb Ring
27:37 Ballistics
30:20 Wheelbarrow
31:44 Elite Skirmisher
33:07 Forging
32:59 Scale Mail Armor
33:22 Stone Mining
34:08 Hand Cart
34:56 Leather Archer Armor
35:51 Stone Shaft Mining
38:54 Imperial Age
38:32 Chain Mail Armor
39:37 Squires
39:43 Bracer
40:01 Capped Ram
41:55 Chemistry
41:24 Elite Fire Lancer
43:46 Two-Man Saw
44:07 Conscription
43:28 Siege Ram
48:20 Town Watch
50:11 Ring Archer Armor
50:23 Elite Chu Ko Nu
JoeyDeez
7:15 Loom
11:45 Feudal Age
12:05 Horse Collar
21:18 Castle Age
22:20 Heavy Plow
22:13 Gold Mining
22:11 Double-Bit Axe
22:36 Fletching
22:54 Scale Barding Armor
24:35 Bodkin Arrow
26:15 Ballistics
38:33 Chain Barding Armor
44:33 Imperial Age
43:43 Bow Saw
44:48 Thumb Ring
47:17 Chemistry
50:13 Elite Skirmisher
50:34 Heavy Scorpion
52:01 Murder Holes
Connection lost

Rejoining the realm…

Still unreachable

The connection could not be restored.

Session expired

The server has moved on; the page needs a fresh start.